Map: Dusk Towers

Players

Enough - Winner!

  • Race: Zerg Zerg
  • League: Grandmaster

Pokebunny

  • Race: Terran Terran
  • League: Grandmaster

VOD

Have the link to the VOD?

Description

Time

  • Played on: April 6, 2016, 10:50 p.m.
  • Length: 12:55
Show
View Real Time Build Order
Export as new Build Order

Enough Zerg - Winner!

Build Orders: Hatch First, Muta Ling Bane 

Get SALT Encoding   

  12  0:00  Drone  
  13  0:12  Overlord  
  13  0:17  Drone  
  14  0:31  Drone x2  
  14  0:34  Drone  
  17  0:52  Hatchery  
  17  0:54  Drone  
  17  0:58  Drone  
  18  1:06  Extractor  
  17  1:12  Spawning Pool  
  17  1:15  Drone  
  17  1:18  Drone  
  18  1:28  Drone  
  19  1:39  Drone  
  20  1:50  Overlord  
  20  2:00  Queen  
  22  2:04  Queen  
  22  2:05  Zergling x4  
  26  2:13  Metabolic Boost  
  26  2:15  Drone x2  
  28  2:22  Drone  
  29  2:25  Drone  
  30  2:35  Overlord  
  30  2:36  Queen  
  30  2:37  Drone  
  32  2:45  Queen  
  32  2:48  Drone  
  35  2:53  Drone  
  35  2:54  Drone  
  35  2:58  Drone  
  38  3:06  Zergling x2  
  39  3:22  Overlord  
  39  3:23  Drone x4  
  43  3:35  Hatchery  
  43  3:37  Overlord  
  42  3:41  Drone  
  42  3:43  Drone x3  
  42  3:44  Extractor  
  42  3:48  Drone x3  
  48  3:51  Drone  
  49  3:57  Overlord  
  49  3:58  Drone x3  
  52  4:06  Hatchery  
  52  4:08  Drone  
  52  4:09  Baneling Nest  
  51  4:10  Drone  
  51  4:12  Queen x2  
  56  4:20  Drone x2  
  58  4:29  Drone  
  59  4:36  Drone x7  
  66  4:38  Evolution Chamber  
  66  4:40  Evolution Chamber  
  64  4:49  Zergling x6  
  67  4:56  Drone x2  
  67  4:58  Baneling x4  
  67  4:59  Baneling  
  69  5:03  Zergling x8  
  69  5:04  Zerg Ground Armor Level 1  
  73  5:09  Extractor x2  
  71  5:17  Zerg Melee Weapons Level 1  
  71  5:18  Drone x5  
  76  5:25  Queen  
  76  5:27  Overlord x3  
  78  5:29  Drone  
  78  5:35  Lair  
  79  5:45  Drone x7  
  79  5:46  Drone  
  79  5:47  Zergling x10  
  92  5:50  Overlord x2  
  92  5:54  Baneling x2  
  92  5:55  Baneling x3  
  88  6:11  Zergling x28  
  88  6:12  Zergling x2  
  102  6:19  Drone  
  102  6:20  Drone, Extractor  
  102  6:22  Drone x2  
  102  6:23  Extractor  
  104  6:28  Zergling x2  
  104  6:30  Overlord  
  104  6:46  Drone x2  
  106  6:49  Spire, Centrifical Hooks  
  106  6:53  Zergling x30  
  120  6:58  Hatchery  
  119  7:01  Zergling x2  
  119  7:03  Overlord x2  
  120  7:13  Zerg Ground Armor Level 2, Overlord  
  120  7:14  Zerg Melee Weapons Level 2  
  119  7:17  Overlord  
  119  7:26  Zergling x6  
  119  7:27  Zergling x24  
  132  7:37  Zergling x8  
  132  7:50  Baneling x12  
  132  7:52  Overlord x2  
  132  7:53  Zergling x12  
  132  7:54  Zergling x14  
  145  7:59  Zergling x6  
  147  8:13  Drone x7  
  154  8:20  Drone x8  
  154  8:24  Mutalisk x4  
  154  8:26  Overlord  
  170  8:33  Mutalisk  
  172  8:37  Zerg Flyer Weapons Level 1  
  172  8:38  Pneumatized Carapace, Extractor  
  171  8:47  Mutalisk x5  
  181  8:50  Mutalisk  
  181  8:53  Overlord x2  
  181  8:54  Overlord  
  181  9:11  Hatchery  
  181  9:13  Baneling x4  
  181  9:14  Baneling x15  
  180  9:17  Zergling x20  
  180  9:21  Drone  
  191  9:27  Infestation Pit  
  175  9:43  Zergling x4  
  175  9:44  Zergling x42  
  181  9:48  Zergling x8  
  181  9:50  Zergling x2  
  180  9:57  Zergling x14  
  158  10:22  Hive  
  158  10:33  Zergling x52  
  183  10:41  Drone  
  183  10:42  Drone x5  
  189  10:43  Overlord  
  189  10:48  Extractor  
  188  11:00  Zergling x14  
  188  11:01  Baneling  
  188  11:02  Baneling  
  188  11:03  Baneling x3  
  188  11:04  Baneling x9  
  195  11:21  Overseer x2  
  195  11:29  Extractor  
  195  11:31  Extractor  
  193  11:42  Overlord  
  193  11:43  Ultralisk Cavern  
  192  11:55  Baneling x2  
  192  12:21  Baneling x14  
Show
View Real Time Build Order
Export as new Build Order

Pokebunny Terran 

Build Orders: Reaper Expand, MMM Bio 

Get SALT Encoding   

  12  0:00  SCV  
  13  0:13  SCV  
  14  0:17  Supply Depot  
  14  0:25  SCV  
  15  0:39  SCV  
  15  0:42  Barracks  
  16  0:45  Refinery  
  16  0:51  SCV  
  17  1:03  SCV  
  18  1:15  SCV  
  19  1:28  Orbital Command  
  19  1:29  Reaper  
  20  1:39  Command Center  
  20  1:50  Supply Depot  
  21  1:54  SCV  
  21  2:01  Reaper  
  21  2:06  SCV  
  23  2:20  Command Center  
  23  2:23  SCV  
  24  2:32  Refinery  
  24  2:39  Barracks Reactor  
  24  2:43  SCV  
  25  2:47  Barracks  
  25  2:52  Barracks  
  25  2:57  Orbital Command  
  25  2:59  SCV  
  26  3:15  SCV  
  26  3:17  Marine x2  
  28  3:21  Factory  
  28  3:23  SCV  
  29  3:27  SCV  
  30  3:34  Barracks Tech Lab  
  30  3:35  Orbital Command, SCV  
  30  3:40  SCV  
  32  3:42  Barracks Reactor, Marine  
  32  3:43  Marine  
  32  3:47  SCV  
  35  3:55  Marine  
  35  3:56  Stimpack  
  35  4:02  SCV x2  
  37  4:04  Factory Reactor  
  37  4:05  Starport  
  37  4:10  Refinery, SCV  
  37  4:16  Engineering Bay  
  38  4:17  Engineering Bay  
  38  4:19  SCV  
  38  4:20  SCV  
  38  4:22  Marine  
  38  4:23  Marine  
  42  4:25  Marine, SCV  
  42  4:27  Marine  
  42  4:28  Marine  
  46  4:33  SCV  
  46  4:34  SCV  
  46  4:37  SCV  
  49  4:38  Supply Depot  
  49  4:44  Terran Infantry Armor Level 1, Terran Infantry Weapons Level 1  
  49  4:49  Medivac, SCV x2  
  49  4:51  SCV  
  49  4:52  Marine  
  55  4:53  Marine  
  55  4:54  Marine  
  55  4:56  Marine  
  55  4:57  Marine  
  59  5:04  Supply Depot  
  59  5:06  Medivac  
  59  5:07  Factory Tech Lab, Orbital Command  
  61  5:09  SCV x2  
  61  5:12  Refinery  
  63  5:15  Marine x5  
  63  5:21  SCV  
  69  5:24  Supply Depot  
  69  5:25  Medivac, SCV  
  72  5:33  Marine x2, SCV  
  72  5:34  Marine x2  
  77  5:45  Supply Depot x2  
  77  5:46  SCV x2  
  77  5:47  Armory  
  77  5:48  Supply Depot, Medivac  
  77  5:49  SCV  
  82  5:56  Combat Shields  
  82  5:58  SCV  
  82  6:09  Marine x5  
  86  6:11  Siege Tank  
  86  6:14  SCV  
  86  6:15  SCV x2  
  86  6:16  Barracks  
  86  6:17  Refinery  
  86  6:18  Barracks  
  92  6:27  SCV x3  
  92  6:29  Supply Depot  
  92  6:31  Marine x2, Supply Depot  
  92  6:32  Marine x3  
  95  6:41  SCV  
  95  6:42  SCV, Missile Turret  
  95  6:46  Siege Tank  
  98  6:47  Missile Turret  
  98  6:48  Missile Turret  
  98  6:50  Missile Turret  
  98  6:51  SCV  
  98  6:54  SCV x2  
  101  6:56  Terran Infantry Weapons Level 2  
  101  6:59  Terran Infantry Armor Level 2  
  101  7:02  Marine x2  
  101  7:06  Barracks Reactor x2  
  106  7:13  Supply Depot  
  103  7:22  Siege Tank  
  106  7:23  Barracks x3  
  93  7:38  Medivac x2  
  97  7:45  SCV  
  97  7:46  SCV x2  
  97  7:48  Missile Turret  
  100  7:54  Siege Tank  
  100  7:57  Bunker  
  103  7:59  SCV x2  
  103  8:00  SCV  
  103  8:02  Marine x2  
  103  8:03  Marine x6  
  115  8:09  Supply Depot  
  114  8:13  Barracks Reactor, Barracks Tech Lab x2  
  114  8:35  Siege Tank  
  114  8:36  Marine x7, Marauder x2  
  114  8:37  Concussive Shells, Marine  
  114  8:40  Terran Vehicle Weapons Level 1  
  129  8:43  Supply Depot x2  
  129  8:47  SCV  
  129  8:48  SCV  
  131  8:53  Marine x2, Marauder  
  131  8:54  Marine x5  
  140  8:58  Supply Depot x3  
  140  9:05  Marauder  
  142  9:12  Siege Tank  
  142  9:13  Marine x2  
  142  9:14  Marine x2, Marauder  
  142  9:15  Marine x3, Marauder  
  142  9:16  Supply Depot x2, Marine  
  156  9:19  Terran Infantry Weapons Level 3  
  156  9:26  Terran Infantry Armor Level 3  
  156  9:32  Supply Depot  
  119  9:46  Marine x3  
  119  9:47  Marine x5, Marauder x2  
  106  9:52  Marine  
  106  9:53  Marine, Marauder  
  106  10:06  Marine  
  106  10:07  Marine x7  
  91  10:08  Marine, Marauder  
  91  10:09  Medivac  
  91  10:10  Marine x2, Medivac  
  91  10:14  Marine  
  79  10:31  Command Center  
  77  10:37  Siege Tank  
  77  10:39  Medivac  
  77  10:40  Medivac  
  84  10:45  Marine  
  84  10:46  Marine  
  84  10:47  Marine  
  84  10:48  Marine x3  
  90  11:04  Marine x2  
  90  11:09  Siege Tank  
  95  11:12  Marine x3, Missile Turret  
  95  11:15  Marine  
  99  11:22  Marine  
  99  11:23  Marine, Marauder  
  99  11:25  Marine  
  104  11:41  Siege Tank  
  107  11:51  Marine x5, Marauder  
  114  12:11  Marine x6, Marauder  
  122  12:27  Marine x5, Marauder  
  122  12:28  Marine  
Tags
 
Add a new tag
Caveats
  • Supply blocks, unpowered buildings, or Contaminate may cause inaccurate times.
  • Supply counts are checked every 10 seconds.